 Dungeon Crawl Stone Soup version 0.29-a0-857-g9b1aa3ac5b (webtiles) character file.

Game seed: 2515583822727153781

38523 kevlar127 the Grappler (level 13, -4/137 HPs)
             Began as a Troll Berserker on July 16, 2022.
             Was a High Priest of Trog.
             Slain by a vampire mosquito (8 damage)
             ... on level 13 of the Dungeon.
             The game lasted 00:59:43 (14125 turns).

kevlar127 the Grappler (Troll Berserker)           Turns: 14125, Time: 00:59:45

Health: -4/137     AC: 11    Str: 39 (42) XL:     13   Next: 64%
Magic:  12/12      EV: 10    Int:  1 (2)  God:    Trog [*****.]
Gold:   639        SH:  5    Dex:  7 (8)  Spells: 12/12 levels left

rFire   . . .      SeeInvis .     - Unarmed
rCold   . . .      Faith    .   (no shield)
rNeg    + . .      Spirit   .   c - +0 acid dragon scales
rPois   +          Reflect  +   (helmet restricted)
rElec   .          Harm     .   s - +0 cloak
rCorr   +          Rampage  .   (gloves unavailable)
Will    +++..                   (boots unavailable)
Stlth   +.........              I - amulet of reflection
HPRegen 2.12/turn               q - +6 ring of strength
MPRegen 0.13/turn               o - ring of positive energy

@: strong-willed, on berserk cooldown, regenerating, slowed, lost intelligence,
studying Armour, unable to read, very slow
A: large, unfitting armour, claws 3, regeneration 1, shaggy fur 1, tough skin 1,
strong-willed 1, poison resistance, strong 1, inability to drink while
threatened 1
a: Renounce Religion, Berserk, Trog's Hand, Brothers in Arms


You were on level 13 of the Dungeon.
You worshipped Trog.
Trog was extremely pleased with you.
You visited 1 branch of the dungeon, and saw 13 of its levels.
You also visited: Sewer and Bailey.

You collected 639 gold pieces.

Inventory:

Missiles
 b - 130 stones
 r - 3 poisoned darts
 B - 5 throwing nets
 E - 5 javelins
 F - 2 atropa-tipped darts
 H - 9 boomerangs (quivered)
 L - 5 large rocks
 V - 3 datura-tipped darts
Armour
 c - +0 acid dragon scales (worn)
 m - a +2 robe of willpower
 s - a +0 cloak (worn)
 t - a +0 kite shield
Jewellery
 o - a ring of positive energy (right claw)
 q - a +6 ring of strength (left claw)
 v - a ring of positive energy
 G - a ring of ice
 I - an amulet of reflection (around neck)
 N - a ring of fire
 O - a ring of ice
Wands
 w - a wand of iceblast (12)
 A - a wand of flame (7)
 X - a wand of charming (9)
Scrolls
 a - a scroll of torment {unknown}
 f - 2 scrolls of silence
 g - 2 scrolls of summoning
 h - 3 scrolls of fear
 i - 4 scrolls of teleportation
 k - 4 scrolls of vulnerability
 n - 3 scrolls of poison
 u - a scroll of noise {unknown}
 x - 3 scrolls of blinking
 z - 3 scrolls of magic mapping
 D - a scroll of fog {unknown}
 P - a scroll of amnesia
Potions
 d - 5 potions of curing
 e - a potion of brilliance
 j - a potion of might
 l - 2 potions of lignification
 p - 4 potions of mutation
 C - a potion of cancellation
 K - 5 potions of heal wounds
 M - a potion of magic {unknown}
 Q - 2 potions of resistance
 S - a potion of attraction
 W - a potion of flight
Miscellaneous
 y - a piece from Xom's chessboard (15/15)
 T - a condenser vane
 U - a phantom mirror


   Skills:
 + Level 11.1 Fighting
 - Level 8.0 Throwing
 + Level 8.7 Armour
 - Level 4.0 Dodging
 + Level 13.1 Unarmed Combat
 - Level 5.0 Evocations


You had 12 spell levels left.
You didn't know any spells.
Your spell library was empty.

Dungeon Overview and Level Annotations

Branches:
Dungeon (13/15)            Temple (0/1) D:7            Lair (0/6) D:10
  Sewer (visited)          Bailey (visited)
    Orc: D:9-12      Vaults: D:13-14

Altars:
Ashenzari
Kikubaaqudgha
Qazlal


Innate Abilities, Weirdness & Mutations

You are too large for most types of armour.
You have claws for hands.
Your natural rate of healing is unusually fast.
You are covered in fur. (AC +1)
You have tough skin. (AC +1)
You are strong-willed. (Will+)
Your system is resistant to poisons. (rPois)
Your muscles are strong. (Str +4, Int/Dex -1)
You occasionally lose the ability to drink potions when taking damage.


Message History

The vampire mosquito closely misses you.
The vampire mosquito bites you but does no damage.
Training target 8.0 for Throwing reached!
Your Throwing skill increases to level 8!
You scratch the vampire mosquito.
The vampire mosquito is lightly damaged.
The vampire mosquito bites you.
* * * LOW HITPOINT WARNING * * *
The vampire mosquito draws strength from your injuries!
The vampire mosquito misses you.
The vampire mosquito bites you but does no damage.
You block the vampire mosquito's attack.
The vampire mosquito bites you.
* * * LOW HITPOINT WARNING * * *
The vampire mosquito bites you.
* * * LOW HITPOINT WARNING * * *
The vampire mosquito bites you!
* * * LOW HITPOINT WARNING * * *
The vampire mosquito draws strength from your injuries!
The vampire mosquito barely misses you. The vampire mosquito bites you.
* * * LOW HITPOINT WARNING * * *
The vampire mosquito draws strength from your injuries!
You cannot read scrolls in your current state!
Unknown command.
You cannot read scrolls in your current state!
You're still recovering from your berserk rage.
Your skin crawls.
You feel strong-willed. The vampire mosquito bites you!
* * * LOW HITPOINT WARNING * * *
The vampire mosquito bites you.
* * * LOW HITPOINT WARNING * * *
The vampire mosquito draws strength from your injuries!
You block the vampire mosquito's attack.
The vampire mosquito bites you but does no damage.
The vampire mosquito bites you!
* * * LOW HITPOINT WARNING * * *
The vampire mosquito draws strength from your injuries!
The vampire mosquito bites you!
You die...

#######+##
#........#
#........#
#.....y..#
#......@.#
#.....yy.#
#...$....#
#........+
#...(....#
#####+####


You could see 3 vampire mosquitoes.

Vanquished Creatures
  An orc warlord (Bailey)
  Harold (D:9)
  A centaur warrior (D:9)
  A boulder beetle (D:6)
  2 two-headed ogres
  An ugly thing (D:11)
  2 unseen horrors
  2 kobold demonologists (D:11)
  Psyche (D:9)
  4 trolls
  Prince Ribbit (D:5)
  Grinder (D:6)
  5 slime creatures (D:12)
  A wraith (D:9)
  9 yaks
  A vampire (D:9)
  Eustachio (D:6)
  2 steam dragons
  3 acid dragons
  10 two-headed ogre zombies (D:11)
  6 water moccasins
  Duvessa (D:6)
  4 ice beasts
  6 orc warriors
  A sky beast (D:7)
  The ghost of Gus979 the Trooper, an amateur HOFi (D:5)
  3 black bears
  3 ogres
  2 centaurs
  A phantom (D:6)
  10 bullfrogs
  3 necrophages (D:4)
  4 scorpions
  Dowan (D:6)
  20 killer bees
  9 howler monkeys
  3 jellies
  Crazy Yiuf (D:3)
  3 gnoll boudas
  2 orc priests
  6 hounds
  3 iguanas
  5 orc wizards
  21 gnolls
  7 adders
  2 shadow imps
  2 white imps
  2 ufetubi (D:5)
  3 worms
  2 dart slugs
  33 orcs
  9 endoplasms
  13 giant cockroaches
  6 goblins
  5 hobgoblins
  17 kobolds
  22 quokkas
  9 ball pythons
  6 bats
  11 frilled lizards
  5 rats (D:1)
  2 plants (D:10)
325 creatures vanquished.

Vanquished Creatures (collateral kills)
  A killer bee (D:9)
1 creature vanquished.

Vanquished Creatures (others)
  46 fungi (D:10)
  46 plants
92 creatures vanquished.

Grand Total: 418 creatures vanquished

Notes
Turn   | Place    | Note
-------+----------+-------------------------------------------
     0 | D:1      | kevlar127 the Troll Berserker began the quest for the Orb.
     0 | D:1      | Reached XP level 1. HP: 22/22 MP: 0/0
    98 | D:1      | Reached XP level 2. HP: 29/29 MP: 1/1
   339 | D:1      | Reached ** piety under Trog
   489 | D:2      | Reached XP level 3. HP: 29/37 MP: 2/2
   523 | D:2      | Identified the +9 war axe of Riyjiol {freeze, Str+3}
   588 | D:2      | Found an ancient bone altar of Kikubaaqudgha.
   750 | D:2      | Found a faded altar of an unknown god.
   856 | D:2      | Reached skill level 4 in Unarmed Combat
   856 | D:2      | Reached XP level 4. HP: 45/45 MP: 3/3
  1529 | D:3      | Reached XP level 5. HP: 53/53 MP: 4/4
  1609 | D:3      | Found a runed translucent door.
  1610 | D:3      | Noticed Crazy Yiuf
  1849 | D:3      | Killed Crazy Yiuf
  2069 | D:4      | Reached XP level 6. HP: 41/62 MP: 5/5
  2198 | D:4      | Reached skill level 5 in Unarmed Combat
  2263 | D:4      | Found a glowing drain.
  2279 | Sewer    | Entered a sewer
  2295 | Sewer    | Reached *** piety under Trog
  2497 | Sewer    | Reached XP level 7. HP: 71/71 MP: 6/6
  2725 | D:4      | Reached skill level 5 in Fighting
  2778 | D:5      | Entered Level 5 of the Dungeon
  2820 | D:5      | Reached skill level 6 in Unarmed Combat
  2852 | D:5      | Reached **** piety under Trog
  2853 | D:5      | Reached XP level 8. HP: 25/83 MP: 7/7
  3166 | D:5      | Noticed Prince Ribbit
  3170 | D:5      | Killed Prince Ribbit
  3171 | D:5      | Reached skill level 7 in Unarmed Combat
  3276 | D:5      | Reached skill level 1 in Throwing
  3422 | D:5      | Found a transporter.
  3467 | D:5      | Found a transporter.
  3594 | D:5      | Found a large runed translucent door.
  3594 | D:5      | Found a large runed translucent door.
  3597 | D:5      | Noticed Gus979's ghost (amateur HOFi)
  3866 | D:5      | Killed Gus979's ghost
  3977 | D:6      | Found a large runed translucent door.
  3978 | D:6      | Found a large runed translucent door.
  4017 | D:6      | Reached skill level 1 in Evocations
  4221 | D:6      | Noticed a boulder beetle
  4241 | D:6      | Killed a boulder beetle
  4242 | D:6      | Reached skill level 8 in Unarmed Combat
  4242 | D:6      | Reached XP level 9. HP: 18/92 MP: 8/8
  4390 | D:6      | Noticed Eustachio
  4531 | D:6      | Noticed Grinder
  4531 | D:6      | Noticed Dowan
  4533 | D:6      | Noticed Duvessa
  4542 | D:6      | Killed Duvessa
  4543 | D:6      | Killed Dowan
  4550 | D:6      | Killed Grinder
  4853 | D:6      | Killed Eustachio
  5163 | D:6      | Found a stormy altar of Qazlal.
  5186 | D:6      | Found a broken altar of Ashenzari.
  5232 | D:7      | Identified the +0 leather armour of Heresy {Drain rPois
                  | Int+3 Slay+3}
  5239 | D:7      | Identified the +6 mace of Tartarus {protect, rCorr}
  5276 | D:7      | Reached skill level 9 in Unarmed Combat
  5778 | D:7      | Found a staircase to the Ecumenical Temple.
  5993 | D:7      | Reached XP level 10. HP: 104/104 MP: 9/9
  6683 | D:8      | Found a flagged portal.
  6809 | D:8      | Reached ***** piety under Trog
  7144 | Bailey   | Entered a bailey
  7149 | Bailey   | Noticed an orc warlord
  7274 | Bailey   | Found a runed translucent gate.
  7277 | Bailey   | Found a runed translucent gate.
  7279 | Bailey   | Found a runed translucent gate.
  7575 | Bailey   | Killed an orc warlord
  7576 | Bailey   | Reached skill level 10 in Unarmed Combat
  7771 | D:9      | Noticed Psyche
  7782 | D:9      | Killed Psyche
  8064 | D:9      | Gained mutation: Your muscles are strong. (Str +4, Int/Dex
                  | -1) [potion of mutation]
  8064 | D:9      | Gained mutation: You occasionally lose the ability to drink
                  | potions when taking damage. [potion of mutation]
  8064 | D:9      | Gained mutation: Your system is resistant to poisons.
                  | (rPois) [potion of mutation]
  8064 | D:9      | Gained mutation: You are strong-willed. (Will+) [potion of
                  | mutation]
  8742 | D:9      | Noticed a centaur warrior
  8752 | D:9      | Killed a centaur warrior
  9091 | D:9      | Reached skill level 5 in Throwing
  9159 | D:9      | Noticed Harold
  9165 | D:9      | Killed Harold
  9166 | D:9      | Reached XP level 11. HP: 97/115 MP: 10/10
  9487 | D:9      | Reached skill level 11 in Unarmed Combat
  9681 | D:5      | Reached skill level 10 in Fighting
  9681 | D:5      | Reached skill level 5 in Armour
  9681 | D:5      | Reached XP level 12. HP: 126/126 MP: 11/11
  9682 | D:5      | Reached skill level 12 in Unarmed Combat
  9682 | D:5      | Reached skill level 5 in Evocations
  9682 | D:5      | Reached XP level 13. HP: 135/135 MP: 12/12
 10322 | D:10     | Entered Level 10 of the Dungeon
 10469 | D:10     | Found a staircase to the Lair.
 11979 | D:11     | Reached skill level 13 in Unarmed Combat
 12634 | D:11     | Lost intelligence.
 14125 | D:13     | HP: 4/137 [vampire mosquito (9)]
 14125 | D:13     | Slain by a vampire mosquito

Illustrated notes

Levels and vault maps discovered:
D:1:      amcnicky_arrival_choice, layout_basic
D:2:      layout_rooms, basic_altar, hellmonk_ecumenical_altar_inner_sanctum,
          serial_bayou_lagoon_b
D:3:      layout_basic, nicolae_hexahallways, nrook_loot_triangle,
          uniq_crazy_yiuf_cottage
D:4:      layout_rooms, portal_sewer_entry_f
D:5:      gammafunk_cloud_chamber, layout_basic, serial_corexii_hall,
          corexii_hall_statues_u, chequers_hall_statues_corner_a,
          corexii_hall_statues_i, chequers_hall_statues_wall_a,
          chequers_hall_statues_corner_a, corexii_hall_statues_t,
          ebering_ghost_disaster_area, uniq_prince_ribbit1
D:6:      layout_loops_ring, jmf_multi_god_temple2, minmay_manual_mess,
          uniq_duvessa, uniq_grinder, uniq_eustachio
D:7:      layout_gridville, temple_hall
D:8:      layout_basic, enter_bailey_2, st_stairs_10, hangedman_decor_growths
D:9:      layout_gridville, chequers_avenue, uniq_harold, uniq_psyche
D:10:     layout_cave_pools, due_lair_maze_entry_diamond, grunt_ministairs_10
D:11:     lemuel_ogre_cave, layout_long_grid, wad_rectangle_vault
D:12:     hangedman_what_comes_after_a, layout_loops_ring, orc_0_dummy,
          uniq_kirke, uniq_erolcha
D:13:     layout_roguey, grunt_vaults_entry_fortified,
          maelrawn_ghost_gauntlet_escape

Skill      XL: |  1  2  3  4  5  6  7  8  9 10 11 12 13 |
---------------+----------------------------------------+-----
Fighting       | 3 4 5 6 7 9 10 11 | 11.1
Unarmed Combat | 4 5 6 8 9 10 11 12 13 | 13.1
Dodging        | 3 4 |  4.0
Throwing       | 3 5 6 8 |  8.0
Evocations     | 2 3 4 5 |  5.0
Armour         | 5 7 8 |  8.7

Action                   |  1- 3 |  4- 6 |  7- 9 | 10-12 | 13-15 || total
-------------------------+-------+-------+-------+-------+-------++-------
Melee: Unarmed           |    84 |   159 |   247 |   191 |   165 ||   846
       Punch             |       |     3 |    10 |     8 |    11 ||    32
Throw: Boomerang         |       |       |       |    40 |    96 ||   136
       Javelin           |       |       |       |     2 |    15 ||    17
       Dart              |       |       |       |       |    11 ||    11
Invok: Berserk           |       |     1 |     3 |     3 |     1 ||     8
       Trog's Hand       |       |       |     1 |     6 |     5 ||    12
  Use: Scroll            |       |       |       |     8 |     2 ||    10
       Potion            |       |       |       |     3 |    12 ||    15
Armor: Animal skin       |    28 |    44 |    51 |    33 |       ||   156
       Acid dragon scale |       |       |       |    12 |   100 ||   112
Dodge: Dodged            |    39 |    48 |   115 |    63 |    76 ||   341
Block: Other             |       |       |     5 |    54 |    36 ||    95
       Reflection        |       |       |       |     2 |     1 ||     3

Table legend: (Time is in decaauts)
 A = Elapsed time spent in this place.
 B = Non-inter-level travel time spent in this place.
 C = Inter-level travel time spent in this place.
 D = Time resting spent in this place.
 E = Time spent auto-exploring this place.
 F = Levels seen in this place.
 G = Mean time per level.
                   A        B        C        D        E       F      G
               +--------+--------+--------+--------+--------+-----+--------+
         Total |  14841 |  13692 |   1149 |   4983 |   6259 |  15 |  989.4 |
       Dungeon |  13909 |  12760 |   1149 |   4809 |   5988 |  13 | 1069.9 |
         Sewer |    318 |    318 |      0 |      0 |    106 |   1 |  318.0 |
        Bailey |    614 |    614 |      0 |    174 |    165 |   1 |  614.0 |
               +--------+--------+--------+--------+--------+-----+--------+

Top non-repeatable levels by time:
    D:11: 3273 daAuts
     D:9: 2421 daAuts
     D:6: 1292 daAuts
     D:5: 1248 daAuts
     D:7: 1195 daAuts
    D:10: 957 daAuts
     D:3: 917 daAuts
     D:8: 842 daAuts
     D:2: 687 daAuts
  Bailey: 614 daAuts
     D:4: 470 daAuts
     D:1: 450 daAuts
   Sewer: 318 daAuts
    D:12: 146 daAuts
    D:13: 5 daAuts
